2783 views
Uploaded 2020-04-02 15:01:59
Game version 1.32.3
11:55 long 1on1 custom game on (2)Amazonia
Game name "PLW1"
Saved by Dziango
2783 views
Uploaded 2020-04-02 15:01:59
Game version 1.32.3
11:55 long 1on1 custom game on (2)Amazonia
Game name "PLW1"
17 units @ 2.3k
/ 0.2k
10 buildings @ 1.6k
/ 0.5k



| Healing Salve | 4 | 400 |
| Scroll of Speed | 2 | 100 |
| Orb of Lightning | 1 | 375 |
| Circlet of Nobility | 1 | 175 |
| Potion of Lesser Invulnerability | 2 | 300 |
| total: | 10 | 1350g |
| Peon | 7 | 525 | / | 0 |
| Grunt | 3 | 600 | / | 0 |
| Raider | 2 | 360 | / | 80 |
| Troll Headhunter | 4 | 560 | / | 80 |
| Forest Troll Berserker | 1 | 245 | / | 30 |
| total: | 17 | 2290g | / | 190w |
| Altar of Storms | 1 | 180 | / | 50 |
| Orc Burrow | 4 | 640 | / | 160 |
| Barracks | 1 | 180 | / | 50 |
| Voodoo Lounge | 2 | 260 | / | 60 |
| War Mill | 1 | 205 | / | 0 |
| Beastiary | 1 | 145 | / | 140 |
| Stronghold | 1 | 315 | / | 190 |
| Fortress | 1 | 325 | / | 190 |
| total: | 10 | 1610g | / | 460w |
| 0:01 | Peon |
| 0:01 | Peon |
| 0:04 | Altar of Storms |
| 0:17 | Orc Burrow |
| 0:21 | Peon |
| 0:34 | Barracks |
| 0:40 | Peon |
| 0:52 | Peon |
| 1:02 | Peon |
| 1:23 | Voodoo Lounge |
| 1:34 | Grunt |
| 1:39 | Peon |
| 2:19 | Critical Strike |
| 2:33 | Stronghold |
| 2:49 | Orc Burrow |
| 2:54 | Wind Walk |
| 2:58 | Orc Burrow |
| 3:15 | Healing Salve |
| 3:15 | Healing Salve |
| 3:15 | Scroll of Speed |
| 3:26 | Circlet of Nobility |
| 3:53 | Grunt |
| 3:53 | Grunt |
| 4:57 | Beastiary |
| 5:28 | Fortress |
| 5:34 | Berserker Strength |
| 5:39 | War Mill |
| 5:52 | Healing Salve |
| 5:54 | Healing Salve |
| 6:04 | Hex |
| 6:11 | Wind Walk |
| 6:31 | Raider |
| 6:31 | Ensnare |
| 6:53 | Troll Headhunter |
| 6:55 | Orc Burrow |
| 7:37 | Potion of Lesser Invulnerability |
| 7:58 | Raider |
| 8:08 | Potion of Lesser Invulnerability |
| 8:44 | Healing Wave |
| 8:46 | Orb of Lightning |
| 8:52 | Scroll of Speed |
| 9:00 | Reinforced Defenses |
| 9:48 | Forest Troll Berserker |
| 9:49 | Healing Wave |
| 9:58 | War Stomp |
| 10:06 | Voodoo Lounge |
| 10:09 | Troll Headhunter |
| 11:00 | Endurance Aura |
| 11:13 | Troll Headhunter |
| 11:13 | Troll Headhunter |
15 units @ 2.5k
/ 0.4k
10 buildings @ 1.7k
/ 0.5k



| Rod of Necromancy | 3 | 450 |
| Orb of Corruption | 1 | 375 |
| Dust of Appearance | 3 | 225 |
| Potion of Lesser Invulnerability | 1 | 150 |
| total: | 8 | 1200g |
| Acolyte | 3 | 225 | / | 0 |
| Ghoul | 2 | 240 | / | 0 |
| Crypt Fiend | 5 | 1075 | / | 200 |
| Obsidian Statue | 5 | 1000 | / | 175 |
| total: | 15 | 2540g | / | 375w |
| Nerubian Tower | 1 | 100 | / | 20 |
| Ziggurat | 4 | 600 | / | 200 |
| Altar of Darkness | 1 | 180 | / | 50 |
| Crypt | 1 | 200 | / | 50 |
| Tomb of Relics | 1 | 130 | / | 30 |
| Graveyard | 2 | 430 | / | 0 |
| Slaughterhouse | 1 | 140 | / | 135 |
| Halls of the Dead | 1 | 320 | / | 210 |
| Black Citadel | 1 | 325 | / | 230 |
| total: | 10 | 1680g | / | 465w |
| 0:02 | Acolyte |
| 0:06 | Ziggurat |
| 0:08 | Altar of Darkness |
| 0:15 | Acolyte |
| 0:32 | Crypt |
| 0:40 | Acolyte |
| 0:57 | Tomb of Relics |
| 1:17 | Graveyard |
| 1:21 | Graveyard |
| 1:33 | Ghoul |
| 1:44 | Ghoul |
| 2:01 | Nerubian Tower |
| 2:11 | Rod of Necromancy |
| 2:15 | Death Coil |
| 2:47 | Halls of the Dead |
| 2:58 | Crypt Fiend |
| 3:17 | Ziggurat |
| 4:07 | Crypt Fiend |
| 4:07 | Crypt Fiend |
| 4:36 | Rod of Necromancy |
| 4:37 | Dust of Appearance |
| 5:10 | Unholy Aura |
| 5:29 | Black Citadel |
| 5:47 | Slaughterhouse |
| 5:59 | Ziggurat |
| 6:21 | Dust of Appearance |
| 6:37 | Frost Armor |
| 6:52 | Ziggurat |
| 6:54 | Obsidian Statue |
| 7:04 | Rod of Necromancy |
| 7:17 | Obsidian Statue |
| 7:22 | Death Coil |
| 7:40 | Dust of Appearance |
| 7:51 | Burrow |
| 8:03 | Orb of Corruption |
| 8:31 | Crypt Fiend |
| 8:44 | Creature Attack |
| 9:24 | Howl of Terror |
| 9:38 | Obsidian Statue |
| 10:09 | Potion of Lesser Invulnerability |
| 11:06 | Crypt Fiend |
| 11:37 | Obsidian Statue |
| 11:38 | Obsidian Statue |